 Dungeon Crawl Stone Soup version 0.24-a0-235-g3f03afc (webtiles) character file.

Game seed: 1804940726195030643

72 vorskei the Grave Robber (level 4, -2/32 HPs)
             Began as a Gnoll Necromancer on Apr 9, 2019.
             Slain by a gnoll
             ... wielding a +0 spear
              (3 damage)
             ... on level 2 of the Dungeon.
             The game lasted 00:05:23 (1078 turns).

vorskei the Grave Robber (Gnoll Necromancer)        Turns: 1078, Time: 00:05:23

Health: -2/32      AC:  5    Str: 10    XL:     4   Next: 26%
Magic:  1/11       EV: 12    Int: 18    God:
Gold:   79         SH:  0    Dex: 16    Spells: 8/13 levels left

rFire    . . .     SeeInvis +   a - +0 short sword (flame)
rCold    . . .     Gourm    .   (no shield)
rNeg     . . .     Faith    .   r - +0 ring mail
rPois    .         Spirit   .   (no helmet)
rElec    .         Reflect  .   (no cloak)
rCorr    .         Harm     .   (no gloves)
MR       .....                  (no boots)
Stlth    ++........             (no amulet)
HPRegen  0.10/turn              p - ring of see invisible
MPRegen  0.12/turn              (no ring)

@: no status effects
A: distributed training, fangs 1, strong nose
a: no special abilities


You were on level 2 of the Dungeon.
You were not hungry.

You visited 1 branch of the dungeon, and saw 3 of its levels.

You collected 79 gold pieces.

Inventory:

Hand Weapons
 a - a +0 short sword of flaming (weapon)
Missiles
 h - 23 stones (quivered)
 j - 15 bolts
 l - 21 arrows
Armour
 r - a +0 ring mail (worn)
Jewellery
 p - a ring of see invisible (left hand)
Scrolls
 e - a scroll of teleportation {unknown}
 f - a scroll of immolation {unknown}
 g - a scroll of enchant armour {unknown}
 k - a scroll of identify
 o - a scroll of blinking {unknown}
 q - a scroll of magic mapping {unknown}
Potions
 b - a potion of curing
 m - a potion of invisibility {unknown}
 n - a potion of haste {unknown}
Comestibles
 c - a ration
 d - 6 chunks of flesh


   Skills:
 + Level 1.0 Fighting
 + Level 1.0 Short Blades
 + Level 1.0 Long Blades
 + Level 1.0 Axes
 + Level 1.0 Maces & Flails
 + Level 1.0 Polearms
 + Level 1.0 Staves
 + Level 1.0 Slings
 + Level 1.0 Bows
 + Level 1.0 Crossbows
 + Level 1.0 Throwing
 + Level 1.0 Armour
 + Level 4.6 Dodging
 + Level 4.2 Stealth
 + Level 1.0 Shields
 + Level 1.0 Unarmed Combat
 + Level 5.0 Spellcasting
 + Level 0.8 Conjurations
 + Level 0.8 Hexes
 + Level 0.8 Charms
 + Level 0.8 Summonings
 + Level 7.1 Necromancy
 + Level 0.8 Translocations
 + Level 0.8 Transmutations
 + Level 0.8 Fire Magic
 + Level 0.8 Ice Magic
 + Level 0.8 Air Magic
 + Level 0.8 Earth Magic
 + Level 0.8 Poison Magic
 + Level 1.1 Invocations
 + Level 1.0 Evocations


You had 8 spell levels left.
You knew the following spells:

 Your Spells              Type           Power        Failure   Level  Hunger
a - Animate Skeleton      Necr           N/A          1%          1    None
b - Regeneration          Chrm/Necr      ###.......   19%         3    ##.....
q - Pain                  Necr           ####         1%          1    None

Your spell library contained the following spells:

 Spells                   Type           Power        Failure   Level  Hunger
 Vampiric Draining        Necr           ####......   5%          3    ##.....
 Animate Dead             Necr           N/A          19%         4    ####...


Dungeon Overview and Level Annotations

Branches:
Dungeon (3/15)

Altars:
Cheibriados


Innate Abilities, Weirdness & Mutations

Your experience applies equally to all skills.
You have very sharp teeth.
Your uncanny sense of smell can sniff out nearby items.


Message History

You feel sick. The adder bites you.
* * * LOW HITPOINT WARNING * * *
The gnoll barely misses you. The adder misses you.
You feel better. The gnoll hits you but does no damage.
The adder bites you but does no damage.
You miss the adder. Your bite misses the adder.
The adder bites you but does no damage.
The gnoll hits you from afar with a +0 spear!
* * * LOW HITPOINT WARNING * * *
Casting: Regeneration (safe; 19% risk of failure)
Confirm with . or Enter, or press ? or * to list all spells.
There is nothing here that can be animated!
Casting: Animate Skeleton (safe; 1% risk of failure)
Confirm with . or Enter, or press ? or * to list all spells.
Aiming: Pain (safe; 1% risk of failure)
Press: ? - help, Shift-Dir - straight line, f - adder
Aim: an adder (chance to defeat MR: 89%)
The adder writhes in agony.
The adder closely misses you.
The gnoll hits you from afar with a +0 spear.
You die...

##.#.####.#≈≈≈..#..#######
g...gg.g.###_#.##........#
.g.#####..####.##..#####.#
## #<..#...##.>#
#........[.## #.......##.#
#..)....#g.# #.......#S.#
####.####@.# #.# #..# #.#
#..# ####.## #..#
.####.....# #..#
..........###..#
.........ZZ....#
.###.....###### #.....#


You could see a gnoll and an adder.

Vanquished Creatures
  A gnoll (D:2)
  2 adders (D:2)
  An ooze (D:1)
  2 dart slugs
  A leopard gecko (D:1)
  A giant cockroach (D:1)
  4 goblins (D:2)
  3 hobgoblins
  A jackal (D:1)
  2 kobolds (D:1)
  2 quokkas (D:2)
  2 bats (D:1)
  A frilled lizard (D:1)
  3 rats
26 creatures vanquished.

Vanquished Creatures (collateral kills)
  A gnoll (D:2)
  A dart slug (D:2)
  A kobold (D:2)
3 creatures vanquished.

Grand Total: 29 creatures vanquished

Notes
Turn   | Place    | Note
-------+----------+-------------------------------------------
     0 | D:1      | vorskei the Gnoll Necromancer began the quest for the Orb.
     0 | D:1      | Reached XP level 1. HP: 13/13 MP: 6/6
    22 | D:1      | Learned a level 1 spell: Animate Skeleton
   113 | D:1      | Reached XP level 2. HP: 15/19 MP: 2/7
   786 | D:2      | Reached XP level 3. HP: 22/25 MP: 6/9
   800 | D:2      | Reached skill level 5 in Spellcasting
   927 | D:2      | Learned a level 3 spell: Regeneration
   959 | D:2      | Reached skill level 1 in Invocations
   984 | D:2      | Reached skill level 1 in Fighting
   984 | D:2      | Reached skill level 1 in Short Blades
   984 | D:2      | Reached skill level 1 in Long Blades
   984 | D:2      | Reached skill level 1 in Axes
   984 | D:2      | Reached skill level 1 in Maces & Flails
   984 | D:2      | Reached skill level 1 in Polearms
   984 | D:2      | Reached skill level 1 in Staves
   984 | D:2      | Reached skill level 1 in Slings
   984 | D:2      | Reached skill level 1 in Bows
   984 | D:2      | Reached skill level 1 in Crossbows
   984 | D:2      | Reached skill level 1 in Throwing
   984 | D:2      | Reached skill level 1 in Armour
   984 | D:2      | Reached skill level 1 in Shields
   984 | D:2      | Reached skill level 1 in Unarmed Combat
   984 | D:2      | Reached skill level 1 in Evocations
  1005 | D:2      | Found a snail-covered altar of Cheibriados.
  1021 | D:2      | Reached XP level 4. HP: 14/32 MP: 1/11
  1075 | D:2      | HP: 1/32 [adder (3)]
  1078 | D:2      | Slain by a gnoll

Levels and vault maps discovered:
D:1:      nzn_arrival_water_spiral, layout_basic, minmay_pentomino_x2
D:2:      layout_loops_ring, kennysheep_slug_shrine
D:3:      layout_rooms, nicolae_overflow_crystal_walls, chequers_avenue,
          uniq_terence

Skill      XL: |  1  2  3 |
---------------+----------+-----
Spellcasting   | 5 |  5.0
Invocations    | 1 |  1.1
Fighting       | 1 |  1.0
Short Blades   | 1 |  1.0
Long Blades    | 1 |  1.0
Axes           | 1 |  1.0
Maces & Flails | 1 |  1.0
Polearms       | 1 |  1.0
Staves         | 1 |  1.0
Slings         | 1 |  1.0
Bows           | 1 |  1.0
Crossbows      | 1 |  1.0
Throwing       | 1 |  1.0
Armour         | 1 |  1.0
Shields        | 1 |  1.0
Unarmed Combat | 1 |  1.0
Evocations     | 1 |  1.0
Dodging        | |  4.6
Stealth        | |  4.2
Conjurations   | |  0.8
Hexes          | |  0.8
Charms         | |  0.8
Summonings     | |  0.8
Necromancy     | |  7.1
Translocations | |  0.8
Transmutations | |  0.8
Fire Magic     | |  0.8
Ice Magic      | |  0.8
Air Magic      | |  0.8
Earth Magic    | |  0.8
Poison Magic   | |  0.8

Action                   |  1- 3 |  4- 6 || total
-------------------------+-------+-------++-------
Melee: Short sword       |       |     2 ||     2
 Cast: Pain              |    43 |     4 ||    47
       Animate Skeleton  |    14 |       ||    14
       Regeneration      |       |     1 ||     1
  Use: Scroll            |       |     1 ||     1
       Potion            |       |     1 ||     1
Armor: Ring mail         |     1 |    11 ||    12
Dodge: Dodged            |     8 |    24 ||    32

Table legend:
 A = Non-vault XP
 B = Vault XP
 C = Vault XP percentage of total XP
 D = Non-vault monster count
 E = Vault monster count
 F = Vault count percentage of total count
                 A         B        C        D         E       F
            +---------+---------+-------+---------+---------+-------
      Total |      95 |       9 |   8.7 |      26 |       3 |  10.3
            +---------+---------+-------+---------+---------+-------
        D:1 |      23 |       6 |  20.7 |      11 |       2 |  15.4
        D:2 |      72 |       3 |   4.0 |      15 |       1 |   6.2
            +---------+---------+-------+---------+---------+-------
